 Dungeon Crawl Stone Soup version 0.16-a0-1885-g0f03bb0 (console) character file.

312378 Fusha the Cutthroat (level 22, 0/120 HPs)
             Began as a Kobold Arcane Marksman on Nov 6, 2014.
             Was a Favourite Plaything of Xom.
             Slain by a fire giant
             ... wielding a +2 great sword of flaming
              (2 damage)
             ... on level 4 of the Depths on Nov 7, 2014.
             The game lasted 07:14:37 (70358 turns).

Fusha the Cutthroat (Kobold Arcane Marksman)       Turns: 70358, Time: 07:14:39

Health: 0/120      AC: 23    Str: 17    XL:     22   Next: 24%
Magic:  34/34      EV: 32    Int: 13    God:    Xom
Gold:   4798       SH: 11    Dex: 25    Spells: 9 memorised, 3 levels left

rFire  + + .     SeeInvis +     e - +7 rapier "Z" {chaos, rC+ rN+ MR++ Dex+1 SInv}
rCold  + + +     Clarity  .     Y - +3 leather armour {rN+}
rNeg   + + .     SustAb   .     I - +3 buckler {rC+ rF+}
rPois  +         Gourm    .     E - +2 hat {MR+}
rElec  .         Spirit   .     W - +2 cloak {MR+}
rCorr  .         Warding  .     v - +2 pair of gloves
rMut   .         Stasis   .     K - +2 pair of boots
MR     +++++                    g - amulet of rage
Stlth  +++++++++.               w - ring "Throts" {Str+1 Int+1 Stlth+}
                                x - ring of stealth

@: shielded, very slightly contaminated, slowed, invisible (expiring), very
slow, almost entirely resistant to hostile enchantments, incredibly stealthy
A: claws 1, talons 1, iridescent scales 1, molten scales 1, rugged brown scales
1, agile 1, breathe flames 1, carnivore 3, cold resistance 2, deterioration 1,
fire resistance 1, magic resistance 2, poison resistance, screaming 2, strong 2,
wild magic 1, evolution 1
a: Renounce Religion, Breathe Fire, Evoke Berserk Rage
}: 2/15 runes: serpentine, barnacled


You were on level 4 of the Depths.
You worshipped Xom.
You were a plaything of Xom.
You were not hungry.

You visited 6 branches of the dungeon, and saw 41 of its levels.
You also visited: Ossuary and Ice Cave.

You collected 5964 gold pieces.
You spent 1166 gold pieces at shops.

Inventory:

Hand weapons
 a - a +9 quick blade of freezing
 e - the +7 rapier "Z" (weapon) {chaos, rC+ rN+ MR++ Dex+1 SInv}
   (Xom gifted it to you on level 2 of the Depths)

   Each time it hits an enemy it has a different, random effect.
   It affects your dexterity (+1).
   It protects you from cold.
   It protects you from negative energy.
   It affects your resistance to hostile enchantments.
   It enhances your eyesight.
Missiles
 s - 992 stones (quivered)
 U - 15 throwing nets
Armour
 v - a +2 pair of gloves (worn)
 E - a +2 hat of magic resistance (worn)
 I - a +3 buckler of resistance (worn)
 K - a +2 pair of boots (worn)
 W - a +2 cloak of magic resistance (worn)
 Y - a +3 leather armour of positive energy (worn)
Rods
 b - a +0 rod of ignition (14/14)
   (You found it on level 2 of the Shoals)
Jewellery
 g - an amulet of rage (around neck)
 h - the amulet of Chuabos {rMut rF++ SInv}
   (Xom gifted it to you on level 1 of the Depths)

   [amulet of resist mutation]

   It protects you from mutation.
   It greatly protects you from fire.
   It enhances your eyesight.
 t - an uncursed ring of positive energy
 w - the ring "Throts" (right hand) {Str+1 Int+1 Stlth+}
   (Xom gifted it to you on level 3 of the Lair of Beasts)

   [ring of stealth]

   It affects your strength (+1).
   It affects your intelligence (+1).
   It makes you more stealthy.
 x - a ring of stealth (left hand)
 N - an uncursed amulet of warding
Magical devices
 c - a wand of cold (7)
 d - a wand of lightning (3)
 p - a wand of polymorph (18)
 u - a wand of digging (5)
 A - a wand of lightning (2)
 G - a wand of invisibility (4)
 P - a wand of fireball (1)
Scrolls
 l - 4 scrolls of holy word
 n - 15 scrolls of remove curse
 y - 14 scrolls of identify
 C - 7 scrolls of recharging
 J - a scroll of silence
 S - 3 scrolls of vulnerability
 V - 6 scrolls of magic mapping
Potions
 i - 2 potions of resistance
 j - 2 potions of cancellation
 o - 4 potions of restore abilities
 D - 4 potions of agility
 F - a potion of brilliance
 H - 4 potions of magic
 R - 8 potions of curing
Miscellaneous
 O - a plain deck of defence {drawn: 2}
 Q - a plain deck of changes {drawn: 5}
Comestibles
 f - 21 meat rations
 m - a slice of pizza


   Skills:
 - Level 6.0 Fighting
 * Level 22.1 Short Blades
 + Level 17.1 Throwing
 * Level 16.3 Dodging
 + Level 17.4 Stealth
 - Level 7.0 Shields
 - Level 7.0 Spellcasting
 * Level 18.1 Hexes
 - Level 7.2 Summonings
 - Level 6.0 Evocations


You had 3 spell levels left.
You knew the following spells:

 Your Spells              Type           Power        Failure   Level  Hunger
a - Invisibility          Hex            ######..     4%          6    #######
b - Slow                  Hex            ######..     1%          2    #......
c - Mass Confusion        Hex            ######....   4%          6    #######
d - Enslavement           Hex            ######..     1%          4    ####...
e - Swiftness             Chrm/Air       #.......     38%         2    #......
f - Animate Skeleton      Necr           N/A          30%         1    None
g - Summon Mana Viper     Hex/Summ       ######..     7%          5    ######.
h - Confuse               Hex            ######..     1%          3    ##.....
i - Abjuration            Summ           ####......   7%          3    ##.....


Dungeon Overview and Level Annotations

Branches:
Dungeon (15/15)            Temple (0/1) D:7            Lair (8/8) D:8
 Shoals (5/5) Lair:6        Snake (5/5) Lair:5        Slime (0/6) Lair:8
    Orc (4/4) D:9             Elf (0/3) Orc:3        Vaults (0/5) D:13
 Depths (4/5) D:15

Altars:
Dithmenos
Elyvilon
Fedhas
Kikubaaqudgha
Nemelex Xobeh
Ru
Sif Muna
Trog
Vehumet
Xom
Zin
The Shining One
Beogh
Lugonu

Shops:
D:5 *}:?   D:7 (*%%   D:8 (   D:10 ?   D:12 *   D:13 }   Orc:1 *   Orc:4 !%=:
Snake:5 [**   Depths:1 :

Portals:
Hell: Depths:1
Abyss: Depths:1 Depths:4
Pandemonium: Depths:1 Depths:3

Annotations:
Depths:3 Jory


Innate Abilities, Weirdness & Mutations

You are small and have problems with some larger weapons.
You are carnivorous and can eat meat at any time.
You have sharp fingernails.
You have sharp toenails.
You are partially covered in iridescent scales (AC +4).
You are partially covered in molten scales (AC +1).
You are partially covered in rugged brown scales (AC +1, +3% HP).
You are agile. (Dex +2)
You can breathe flames.
Your flesh is very cold resistant.
Your body is slowly deteriorating.
Your flesh is heat resistant.
You are highly resistant to hostile enchantments.
Your system is resistant to poisons.
You sometimes yell uncontrollably at your foes.
Your muscles are very strong. (Str +4)
Your spells are a little harder to cast, but a little more powerful.
You evolve.


Message History

Found 3 needles of confusion.
The guardian serpent misses you.
You block the guardian serpent's attack.
A dire elephant comes into view.
You block the guardian serpent's attack.
You block the deep troll's attack. x2
The deep troll misses you.
You yell at the rakshasa!
A rakshasa comes into view. It is wielding a whip.
You yell at the rakshasa!
The fire giant completely misses you. x2
You block the guardian serpent's attack.
A deep troll earth mage comes into view.
You flicker for a moment.
The fire giant hits you with a great sword of flaming!!
* * * LOW HITPOINT WARNING * * *
Xom roars with laughter!
The fire giant burns you.
You die...
Xom snickers!

... Q C .........
...........
.............
...............
..........(..... T
................
........<%.......
........@C........
T
..T.....CS........
........T..T.......
.......(..C........
...........w.......
T T
...........TT..(...
.........T.........
.........(.........
...........TY.R...


You could see 2 fire giants, an iron troll, a stone giant, a torpor snail
(wandering), 2 deep trolls, 2 deep troll earth magi, a deep troll shaman and a
guardian serpent.

Vanquished Creatures
  Saint Roka (Orc:4)
  Mara (Shoals:4)
  An Ice Fiend (IceCv)
  A tentacled monstrosity (Depths:2)
  Asterion (Shoals:2)
  A kraken (Shoals:4)
  A lich (Depths:2)
  Polyphemus (Shoals:2)
  An octopode crusher (Shoals:3)
  A tengu reaver (Depths:2)
  8 greater nagas
  Ilsuiw (Shoals:5)
  2 frost giants (Depths:1)
  Donald (Shoals:2)
  Wiglaf (Snake:2)
  4 fire giants
  6 emperor scorpions
  Gastronok (D:13)
  A caustic shrike zombie (Depths:2)
  8 stone giants
  2 rakshasas (Depths:2)
  A lorocyproca (Depths:1)
  3 dire elephants
  4 merfolk javelineers
  Snorg (Orc:3)
  2 minotaurs
  2 ettins (Depths:1)
  3 vault guards (D:13)
  A fire dragon (Depths:2)
  Josephine (Snake:1)
  9 merfolk impalers
  5 ice dragons
  2 great orbs of eyes
  4 hydras
  Harold (D:13)
  10 naga warriors
  Nessos (Orc:3)
  4 merfolk avatars
  7 centaur warriors
  5 deep troll earth magi
  An alligator (shapeshifter) (Depths:1)
  A satyr (Shoals:3)
  17 anacondas
  3 ogre magi
  24 death yaks
  An alligator (Depths:1)
  2 merfolk aquamancers
  8 deep troll shamans
  A shock serpent (shapeshifter) (D:13)
  A tengu warrior (Depths:2)
  5 shock serpents
  A titan zombie (Depths:2)
  A soul eater (Orc:1)
  A spriggan berserker (Depths:1)
  11 naga sharpshooters
  An orc high priest (Orc:4)
  4 salamander mystics
  Erolcha (Orc:2)
  A shadow wraith (Depths:2)
  A hell knight (Depths:3)
  2 catoblepae
  6 ice devils
  2 skeletal warriors
  A flayed ghost (Depths:2)
  14 deep trolls
  A swamp dragon (shapeshifter) (Depths:2)
  A deep elf summoner (Depths:2)
  13 sea snakes
  4 unseen horrors
  A golden dragon zombie (Depths:2)
  A death drake (shapeshifter) (Depths:1)
  10 naga ritualists
  An infernal demonspawn (Depths:1)
  2 ice statues (IceCv)
  3 orc knights
  2 mana vipers
  9 hill giants
  6 necromancers
  A golden dragon skeleton (Depths:2)
  A lindwurm (Shoals:2)
  18 harpies
  2 orc sorcerers (Orc:4)
  4 water nymphs
  9 griffons
  15 ugly things
  A spectral spriggan (Depths:2)
  A stone giant zombie (Depths:2)
  A frost giant zombie (Depths:2)
  6 fauns
  A manticore (shapeshifter) (Depths:1)
  A shadow dragon skeleton (Depths:2)
  2 wizards
  A draconian (shapeshifter) (Depths:2)
  A faun (shapeshifter) (Depths:2)
  6 cyclopes
  11 elephants
  A sixfirhy (Depths:1)
  18 salamanders
  2 spriggan zombies (Depths:2)
  A guardian serpent (shapeshifter) (Lair:6)
  12 manticores
  Maurice (Orc:4)
  38 black mambas
  2 drowned souls (Shoals:3)
  6 sirens
  Joseph (Orc:3)
  An octopode (Snake:3)
  3 rust devils
  21 naga magi
  A fire giant skeleton (Depths:2)
  13 guardian serpents
  3 torpor snails
  A gargoyle (D:10)
  An orange crystal statue (Lair:6)
  Psyche (Orc:2)
  2 efreet
  12 spiny frogs
  A spriggan skeleton (Depths:2)
  7 yaktaurs
  4 kobold demonologists
  13 komodo dragons
  7 fire drakes
  A hellwing (Depths:1)
  8 trolls
  4 polar bears
  15 blink frogs
  Sonja (Orc:4)
  43 merfolk
  A raven (shapeshifter) (Depths:1)
  9 blue devils (IceCv)
  Grinder (D:6)
  3 two-headed ogres
  A slime creature (shapeshifter) (Shoals:5)
  8 slime creatures
  3 wind drakes
  A wolf spider simulacrum (D:15)
  10 snapping turtles
  3 air elementals (Depths:3)
  A boulder beetle (Lair:8)
  An ettin zombie (Depths:2)
  A trapdoor spider (D:15)
  17 water elementals
  3 small abominations (Shoals:2)
  A centaur simulacrum (D:14)
  5 basilisks
  2 vampires
  15 hippogriffs
  A deep elf mage (D:11)
  4 wyverns
  A wraith (D:15)
  18 humans
  6 vampire mosquitoes
  54 yaks
  Grum (Orc:2)
  2 steam dragons
  A hill giant skeleton (D:10)
  A hungry ghost (D:9)
  An elf skeleton (Depths:2)
  A chaos spawn (D:12)
  6 wargs
  37 nagas
  A warg (shapeshifter) (Lair:3)
  14 wolves
  A naga zombie (Snake:1)
  2 mottled dragons (D:15)
  26 orc warriors
  29 water moccasins
  2 soldier ants
  4 sky beasts
  6 porcupines
  A hell hound (Lair:6)
  A necrophage (D:8)
  5 black bears
  4 ice beasts
  2 yellow wasps
  8 centaurs
  2 phantoms
  3 boring beetles
  14 crocodiles
  17 ogres
  5 big kobolds
  18 giant frogs
  A gnoll sergeant (D:13)
  2 earth elementals (D:12)
  A water moccasin zombie (Snake:1)
  An insubstantial wisp (Snake:5)
  11 scorpions
  19 wights
  A hippogriff zombie (D:10)
  10 electric eels
  25 killer bees
  11 crimson imps
  A goliath beetle (D:6)
  An iron imp (Shoals:4)
  The ghost of timbw the Chopper, a weakling VSBe of Trog (D:5)
  24 jellies
  4 quasits
  2 centaur zombies (Ossuary)
  15 hounds
  A giant frog zombie (D:4)
  A jelly (shapeshifter) (D:8)
  2 centaur skeletons
  5 iguanas
  23 orc wizards
  26 orc priests
  14 worker ants
  15 sheep
  A big kobold zombie (Ossuary)
  Jessica (D:13)
  A hound zombie (D:5)
  An ogre skeleton (D:8)
  4 mummies
  2 worker ant zombies (D:8)
  14 gnolls
  3 scorpion zombies (Ossuary)
  50 green rats
  30 adders
  9 shadow imps
  10 white imps
  4 giant mites (Lair:1)
  4 worms
  5 ufetubi
  2 adder skeletons
  6 orc skeletons
  6 giant geckos
  An ooze (D:1)
  152 orcs
  18 bats
  A bat skeleton (D:5)
  4 giant cockroaches
  A giant mite zombie (D:6)
  3 gnoll zombies (Ossuary)
  15 goblins
  17 hobgoblins
  5 jackals
  27 kobolds
  17 quokkas
  An anaconda skeleton (Snake:5)
  A cyclops skeleton (Shoals:1)
  A deep troll skeleton (Depths:1)
  An ettin skeleton (Depths:1)
  7 giant newts
  3 giant spores
  3 goblin zombies
  A guardian serpent skeleton (Snake:5)
  3 hobgoblin zombies (Ossuary)
  A human skeleton (Depths:2)
  A jackal skeleton (D:8)
  A kobold skeleton (Orc:4)
  A kobold zombie (D:5)
  3 naga skeletons (Snake:5)
  4 orc zombies
  A quokka skeleton (D:8)
  A quokka zombie (D:7)
  12 rats
  A sphinx skeleton (Depths:2)
  7 ballistomycetes
  5 plants
1678 creatures vanquished.

Vanquished Creatures (collateral kills)
  An acid blob (Lair:8)
  A sphinx (Depths:2)
  Agnes (Shoals:3)
  4 greater nagas
  A frost giant (Depths:3)
  A minotaur (Depths:2)
  2 merfolk javelineers (Shoals:5)
  3 merfolk impalers (Shoals:5)
  A deep elf high priest (Depths:2)
  A hydra (Lair:6)
  A spriggan air mage (Depths:2)
  2 naga warriors
  A merfolk avatar (Shoals:3)
  4 death yaks
  An alligator snapping turtle (Shoals:5)
  A merfolk aquamancer (Shoals:5)
  A hell hog (Depths:1)
  2 orc high priests (Orc:4)
  2 naga sharpshooters
  Nergalle (Lair:6)
  A salamander mystic (Snake:5)
  An iron troll (Depths:1)
  2 sea snakes
  A naga ritualist (Snake:1)
  A hill giant (D:13)
  A deep troll (D:15)
  An orc sorcerer (Orc:4)
  2 manticores
  2 harpies
  4 ugly things
  A water nymph (Shoals:5)
  2 fauns
  3 griffons
  2 orc knights (Orc:4)
  4 black mambas
  3 sirens
  An elephant (Lair:7)
  A salamander (Snake:5)
  A komodo dragon (Lair:1)
  A fire drake (Lair:6)
  4 merfolk
  2 red devils
  A queen bee (Snake:5)
  A blink frog (Lair:8)
  A basilisk (Lair:4)
  A water elemental (Shoals:4)
  A human (D:13)
  7 yaks
  A black mamba skeleton (Snake:1)
  A chaos spawn (Shoals:2)
  12 nagas
  A wolf (Lair:8)
  A water moccasin (Lair:8)
  3 naga skeletons
  A porcupine (Lair:3)
  2 orc warriors (Orc:4)
  A crocodile (Lair:3)
  A naga simulacrum (Snake:1)
  A jelly (D:13)
  An electric eel (Lair:6)
  A quasit (Shoals:2)
  3 crimson imps
  An orc priest (Orc:4)
  A spectral orc (Lair:6)
  2 orc wizards (Orc:4)
  3 sheep
  7 green rats
  3 adders
  3 shadow imps
  2 giant mites (Lair:1)
  2 white imps
  2 ufetubi
  5 orcs
  A goblin (Orc:4)
  A quokka (Lair:2)
  A salamander skeleton (Snake:3)
  A water moccasin skeleton (Lair:8)
  A yak skeleton (Lair:8)
  A ballistomycete (D:11)
  A fungus (Lair:8)
  2 plants
155 creatures vanquished.

Vanquished Creatures (others)
  A tentacled monstrosity (Depths:2)
  7 dancing weapons
  An alligator snapping turtle (Shoals:1)
  7 mana vipers
  2 harpies (Depths:2)
  2 large abominations (Depths:2)
  A griffon (Shoals:5)
  A sixfirhy (Depths:1)
  A manticore (Shoals:1)
  4 drowned souls (Shoals:3)
  A guardian serpent (Snake:5)
  A naga mage (Snake:4)
  3 ball lightnings (Depths:1)
  A black mamba (Snake:5)
  A torpor snail (Depths:4)
  A yaktaur (Depths:3)
  A merfolk (Shoals:5)
  2 fire vortices (Shoals:3)
  6 trapdoor spiders
  7 chimeras
  A wolf (Orc:2)
  An orc warrior (D:10)
  8 spiders
  An ogre (Depths:1)
  An insubstantial wisp (Snake:5)
  A jelly (D:13)
  6 crimson imps
  4 iron imps
  An orc priest (D:10)
  7 quasits
  A hound (Lair:1)
  8 shadow imps
  7 white imps
  A giant mite (Snake:5)
  7 ufetubi
  An orc (D:11)
  A kobold (D:2)
  3 anaconda skeletons
  2 black bear skeletons
  7 black mamba skeletons
  5 blink frog skeletons
  A catoblepas skeleton (Depths:1)
  3 centaur skeletons
  6 crocodile skeletons
  A cyclops skeleton (Shoals:2)
  7 death yak skeletons
  7 deep troll skeletons
  5 elephant skeletons
  An elf skeleton (Depths:2)
  An ettin skeleton (Depths:1)
  2 faun skeletons (Shoals:4)
  A fire dragon skeleton (Depths:2)
  4 fire drake skeletons
  2 frost giant skeletons
  A giant frog skeleton (Lair:6)
  A giant spore (D:10)
  4 griffon skeletons
  3 guardian serpent skeletons
  10 harpy skeletons
  6 hill giant skeletons
  2 hippogriff skeletons
  4 human skeletons
  2 ice dragon skeletons (Depths:1)
  An iguana skeleton (Lair:3)
  4 komodo dragon skeletons
  4 manticore skeletons
  27 merfolk skeletons
  A minotaur skeleton (Depths:2)
  A mottled dragon skeleton (D:15)
  40 naga skeletons
  4 ogre skeletons
  15 orc skeletons
  3 polar bear skeletons
  8 salamander skeletons
  3 sea snake skeletons
  2 shock serpent skeletons
  2 snapping turtle skeletons (Shoals:3)
  3 spiny frog skeletons
  A spriggan skeleton (Depths:1)
  5 stone giant skeletons (Depths:1)
  4 water moccasin skeletons
  A water nymph skeleton (Shoals:2)
  A wind drake skeleton (Shoals:1)
  3 wolf skeletons
  3 wyvern skeletons
  12 yak skeletons
  2 yaktaur skeletons (Depths:1)
  A ballistomycete (D:10)
  4 butterflies
  2 fungi
  5 plants
  9 tentacles (Shoals:4)
  854 tentacle segments (Shoals:4)
1224 creatures vanquished.

Grand Total: 3057 creatures vanquished

Notes
Turn   | Place    | Note
--------------------------------------------------------------
     0 | D:1      | Fusha, the Kobold Arcane Marksman, began the quest for the Orb.
     0 | D:1      | Reached XP level 1. HP: 12/12 MP: 2/2
   282 | D:1      | Reached XP level 2. HP: 16/16 MP: 3/3
   360 | D:1      | Reached skill level 1 in Stealth
   916 | D:1      | Reached XP level 3. HP: 10/20 MP: 4/4
  1962 | D:2      | Learned a level 2 spell: Slow
  1962 | D:2      | Found a radiant altar of Vehumet.
  1993 | D:2      | Found a shadowy altar of Dithmenos.
  2005 | D:2      | Reached XP level 4. HP: 24/26 MP: 6/6
  3049 | D:2      | Reached XP level 5. HP: 26/30 MP: 7/7
  3300 | D:3      | Reached skill level 4 in Throwing
  4115 | D:4      | Reached skill level 1 in Short Blades
  4115 | D:4      | Reached XP level 6. HP: 18/35 MP: 9/9
  4484 | D:4      | Noticed an ogre
  4521 | D:4      | Found a bloodstained altar of Trog.
  4828 | D:4      | Found a white marble altar of Elyvilon.
  4940 | D:4      | Killed an ogre
  5115 | D:5      | Entered Level 5 of the Dungeon
  5115 | D:5      | Noticed an ice beast
  5241 | D:5      | Noticed timbw's ghost (weakling VSBe)
  5246 | D:5      | Killed timbw's ghost
  5246 | D:5      | Reached XP level 7. HP: 37/40 MP: 12/12
  5298 | D:5      | Found Uwaara's Magic Scroll Shoppe.
  5315 | D:5      | Bought a scroll of enchant weapon for 82 gold pieces
  5315 | D:5      | Bought a scroll of blinking for 82 gold pieces
  5345 | D:5      | Reached skill level 5 in Throwing
  5798 | D:5      | Reached skill level 5 in Hexes
  5805 | D:5      | Reached XP level 8. HP: 37/46 MP: 13/13
  5954 | D:5      | Found Mocsut's Gadget Emporium.
  6017 | D:5      | Found Qafrushra's Book Shop.
  6122 | D:5      | Found Eppyhydago's Assorted Antiques.
  6327 | D:5      | Reached skill level 1 in Evocations
  6460 | D:5      | Found a shimmering altar of Xom.
  6512 | D:5      | Became a worshipper of Xom the Begetter of Turbulence
  6534 | D:5      | Learned a level 4 spell: Cause Fear
  6555 | D:5      | Learned a level 4 spell: Enslavement
  6800 | D:5      | Found a deep blue altar of Sif Muna.
  6921 | D:6      | XOM: potion effect (might)
  6935 | D:5      | Reached skill level 6 in Throwing
  6975 | D:5      | XOM: divination: detect creatures
  7257 | D:6      | Noticed Grinder
  7262 | D:6      | Paralysed by Grinder for 2 turns
  7272 | D:6      | Killed Grinder
  7332 | D:6      | Reached XP level 9. HP: 50/50 MP: 16/16
  7585 | D:6      | Reached skill level 5 in Dodging
  7870 | D:6      | Reached skill level 5 in Short Blades
  7870 | D:6      | Reached skill level 7 in Throwing
  7889 | D:6      | Found a sacrificial altar of Ru.
  7894 | D:6      | Found a glowing silver altar of Zin.
  8039 | D:7      | Found Gioqifuiba's Food Emporium.
  8068 | D:7      | XOM: silly message
  8114 | D:7      | Found Pruonnuu's General Store.
  8118 | D:7      | Bought a potion of flight for 42 gold pieces
  8128 | D:7      | Found Taqy's Weapon Shoppe.
  8139 | D:7      | Reached skill level 5 in Stealth
  8195 | D:7      | Found a sand-covered staircase.
  8212 | Ossuary  | Entered an ossuary
  8508 | Ossuary  | Reached skill level 8 in Throwing
  8558 | Ossuary  | XOM: cast spell 'Confusing Touch'
  8566 | Ossuary  | XOM: polymorph scorpion -> jelly
  8720 | Ossuary  | Learned a level 3 spell: Inner Flame
  8935 | D:7      | XOM: vitrification
  9221 | D:7      | Found Straesseu's Food Shoppe.
  9290 | D:7      | Found a staircase to the Ecumenical Temple.
  9293 | D:7      | XOM: give mutations
  9293 | D:7      | Gained mutation: You are somewhat resistant to further mutation. [Xom's grace]
  9293 | D:7      | Gained mutation: You have sharp toenails. [Xom's grace]
  9293 | D:7      | Gained mutation: You have a pair of small horns on your head. [Xom's grace]
  9363 | D:7      | XOM: god gift: crystal ball of energy
  9392 | D:7      | XOM: enchant monster (bad)
  9393 | D:7      | XOM: chaos cloud
  9604 | D:8      | Learned a level 2 spell: Call Imp
  9678 | D:8      | XOM: mild Chrm miscast
  9757 | D:8      | XOM: noise
  9780 | D:8      | XOM: chaos cloud
  9806 | D:8      | Reached XP level 10. HP: 43/56 MP: 18/18
 10207 | D:8      | Reached skill level 1 in Summonings
 10208 | D:8      | XOM: chaos upgrade
 10554 | D:8      | XOM: 1-stop teleportation journey
 10839 | D:8      | XOM: god gift: embroidered cloak {god gift}
 10877 | D:9      | XOM: colour smoke trail
 11255 | D:9      | XOM: medium Divn miscast
 11294 | D:9      | Reached skill level 9 in Throwing
 11367 | D:9      | XOM: 2-stop teleportation journey
 11512 | D:9      | Found a staircase to the Orcish Mines.
 11541 | D:9      | XOM: mild Trmt miscast
 11600 | D:9      | XOM: 6-stop teleportation journey
 11706 | D:9      | XOM: confusion
 11710 | D:9      | XOM: noise
 11988 | D:10     | Entered Level 10 of the Dungeon
 12022 | D:10     | XOM: noise
 12024 | D:10     | XOM: harmless Ice miscast
 12036 | D:10     | XOM: noise
 12042 | D:10     | XOM: noise
 12049 | D:10     | Reached XP level 11. HP: 50/60 MP: 21/21
 12067 | D:10     | Learned a level 3 spell: Call Canine Familiar
 12161 | D:10     | XOM: smoke on damage
 12487 | D:10     | Found Klaoq's Magic Scroll Shoppe.
 12493 | D:10     | Bought a scroll of silence for 97 gold pieces
 12493 | D:10     | Bought a scroll of vulnerability for 97 gold pieces
 12493 | D:10     | Bought a scroll of noise for 13 gold pieces
 12503 | D:10     | XOM: butterfly on damage
 12558 | D:10     | XOM: polymorph yak -> black mamba
 12559 | D:10     | XOM: harmless Conj miscast
 12578 | D:10     | XOM: cast spell 'Metabolic Englaciation'
 12583 | D:10     | XOM: snakes to sticks
 12840 | D:8      | Lost mutation: You have a pair of small horns on your head. [potion of cure mutation]
 12840 | D:8      | Lost mutation: You have sharp toenails. [potion of cure mutation]
 12840 | D:8      | Lost mutation: You are somewhat resistant to further mutation. [potion of cure mutation]
 12954 | D:8      | Found Guaris' Antique Weapon Boutique.
 13045 | D:9      | XOM: god gift: runed quick blade {god gift}
 13180 | D:9      | XOM: summons 5 friendly demons
 13315 | D:9      | XOM: god gift: scroll of teleportation
 13544 | D:10     | XOM: god gift: ring mail {god gift}
 13696 | D:10     | XOM: silly message
 14235 | D:10     | Reached skill level 10 in Short Blades
 14255 | D:10     | XOM: enchant monster (good)
 15353 | D:10     | XOM: silly message
 15407 | D:11     | XOM: cast spell 'Dispersal'
 15411 | D:11     | XOM: chaos upgrade
 15614 | D:11     | Noticed a hill giant
 15799 | D:11     | XOM: mild Chrm miscast
 15802 | D:11     | Killed a hill giant
 15802 | D:11     | Reached skill level 10 in Throwing
 15866 | D:11     | Noticed a centaur warrior
 15872 | D:11     | XOM: destruction
 15885 | D:11     | Killed a centaur warrior
 15996 | D:11     | XOM: give mutations
 15996 | D:11     | Gained mutation: Your muscles are strong. (Str +2) [Xom's grace]
 15996 | D:11     | Gained mutation: You are resistant to hostile enchantments. [Xom's grace]
 15996 | D:11     | Gained mutation: You are partially covered in molten scales (AC +1). [Xom's grace]
 15996 | D:11     | Gained mutation: Your flesh is heat resistant. [Xom's grace]
 16094 | D:11     | Killed an unseen horror
 16094 | D:11     | Reached XP level 12. HP: 46/64 MP: 22/22
 16282 | D:9      | XOM: god gift: runed war axe {god gift}
 16317 | D:7      | XOM: vitrification
 16333 | D:6      | XOM: scenery: create altars
 16434 | D:5      | Bought a book of Cantrips for 300 gold pieces
 16437 | D:5      | Learned a level 1 spell: Animate Skeleton
 16532 | D:8      | XOM: harmless Divn miscast
 16545 | D:8      | Learned a level 4 spell: Leda's Liquefaction
 16619 | D:8      | Found a sparkling altar of Nemelex Xobeh.
 16718 | D:8      | Found a staircase to the Lair.
 16719 | D:8      | Noticed a komodo dragon
 16762 | D:8      | Killed a komodo dragon
 16830 | D:8      | XOM: 1-stop teleportation journey
 17005 | D:8      | XOM: cast spell 'Summon Butterflies'
 17183 | Lair:1   | Entered Level 1 of the Lair of Beasts
 17197 | Lair:1   | XOM: god gift: glowing bronze wand {god gift}
 17300 | Lair:1   | Reached skill level 11 in Short Blades
 17325 | Lair:1   | XOM: cast spell 'Ring of Flames'
 17431 | Lair:1   | XOM: give mutations
 17431 | Lair:1   | Gained mutation: You are partially covered in iridescent scales (AC +4). [Xom's grace]
 17431 | Lair:1   | Gained mutation: You are covered in fur (AC +1). [Xom's grace]
 17431 | Lair:1   | Gained mutation: You possess an exceptional clarity of mind. [Xom's grace]
 17431 | Lair:1   | Gained mutation: You have a pair of small antennae on your head. [Xom's grace]
 17663 | D:8      | XOM: vitrification
 17673 | D:8      | Killed an unseen horror
 17673 | D:8      | Reached skill level 10 in Hexes
 17849 | Lair:1   | XOM: swap monsters
 18170 | Lair:1   | XOM: god gift: 5 needles of frenzy
 18187 | Lair:1   | Reached skill level 5 in Evocations
 18262 | Lair:1   | XOM: summons 12 friendly demons
 18382 | Lair:1   | XOM: god gift: 1270 gold pieces
 18562 | Lair:1   | XOM: summons friendly iron imp
 18566 | Lair:1   | XOM: cast spell 'Necromutation'
 19266 | Lair:2   | XOM: divination: magic mapping
 19601 | Lair:2   | Reached skill level 12 in Short Blades
 19842 | Lair:2   | XOM: colour smoke trail
 19931 | Lair:3   | XOM: noise
 20052 | Lair:3   | XOM: swap monsters
 20079 | Lair:3   | XOM: fog
 20081 | Lair:3   | XOM: cast spell 'Dispersal'
 20086 | Lair:3   | XOM: polymorph blink frog -> warg
 20112 | Lair:3   | XOM: god gift: potion of confusion
 20142 | Lair:3   | Reached XP level 13. HP: 54/68 MP: 23/23
 20206 | Lair:3   | XOM: enchant monster (good)
 20240 | Lair:3   | XOM: give mutations
 20240 | Lair:3   | Gained mutation: Your system is resistant to poisons. [Xom's grace]
 20240 | Lair:3   | Gained mutation: You have large cloven feet. [Xom's grace]
 20240 | Lair:3   | Gained mutation: You can breathe flames. [Xom's grace]
 20240 | Lair:3   | Gained mutation: You are partially covered in icy blue scales (AC +1). [Xom's grace]
 20467 | Lair:3   | XOM: 2-stop teleportation journey
 20652 | Lair:3   | XOM: god gift: crude steel ring {god gift}
 20654 | Lair:3   | Got a crude steel ring {god gift}
 20656 | Lair:3   | Identified the ring "Throts" {Str+1 Int+1 Stlth+} (Xom gifted it to you on level 3 of the Lair of Beasts)
 20966 | Lair:4   | XOM: cast spell 'Flight'
 21359 | Lair:4   | XOM: god gift: 39 gold pieces
 21630 | Lair:4   | XOM: fake destruction
 21635 | Lair:4   | XOM: enchant monster (good)
 21713 | Lair:4   | XOM: mild Ice miscast
 21810 | Lair:4   | XOM: noise
 21815 | Lair:4   | XOM: cast spell 'Summon Dragon'
 21816 | Lair:4   | Reached skill level 10 in Stealth
 21823 | Lair:4   | Reached skill level 13 in Short Blades
 22087 | Lair:4   | XOM: mild Pois miscast
 22284 | Lair:4   | XOM: harmless Ice miscast
 22613 | Lair:5   | XOM: butterfly on damage
 22805 | Lair:5   | XOM: potion effect (might)
 22809 | Lair:5   | XOM: divination: detect items
 22812 | Lair:5   | XOM: silly message
 22817 | Lair:5   | XOM: harmless Chrm miscast
 22819 | Lair:5   | XOM: potion effect (curing)
 22825 | Lair:5   | XOM: potion effect (might)
 22828 | Lair:5   | XOM: divination: detect items
 22914 | Lair:5   | XOM: silly message
 23104 | Lair:5   | XOM: divination: magic mapping
 23105 | Lair:5   | XOM: cast spell 'Discord'
 23120 | Lair:5   | XOM: divination: magic mapping
 23132 | Lair:5   | XOM: confuse monster(s)
 23165 | Lair:5   | XOM: cast spell 'Dragon Form'
 23244 | Lair:5   | XOM: divination: detect items
 23312 | Lair:5   | Found a staircase to the Snake Pit.
 23532 | Lair:5   | XOM: divination: detect creatures
 23540 | Lair:5   | XOM: mild Divn miscast
 23934 | Lair:6   | Identified 2 scrolls of acquirement
 23942 | Lair:6   | Got a polished cloak
 23953 | Lair:6   | Identified the -6 cloak "Bamas" {Str+3 Int+3} (You acquired it on level 6 of the Lair of Beasts)
 23955 | Lair:6   | XOM: divination: magic mapping
 23987 | Lair:6   | XOM: divination: magic mapping
 23989 | Lair:6   | XOM: divination: magic mapping
 24000 | Lair:6   | XOM: enchant monster (good)
 24047 | Lair:6   | XOM: divination: magic mapping
 24048 | Lair:6   | XOM: potion effect (curing)
 24050 | Lair:6   | XOM: confuse monster(s)
 24052 | Lair:6   | XOM: summons 12 friendly demons
 24235 | Lair:6   | XOM: give mutations
 24235 | Lair:6   | Gained mutation: Your muscles are very strong. (Str +4) [Xom's grace]
 24235 | Lair:6   | Gained mutation: You can translocate small distances at will. [Xom's grace]
 24235 | Lair:6   | Gained mutation: You are robust (+10% HP). [Xom's grace]
 24235 | Lair:6   | Gained mutation: You can spit poison. [Xom's grace]
 24239 | Lair:6   | Reached XP level 14. HP: 65/81 MP: 25/25
 24329 | Lair:6   | XOM: divination: detect items
 24369 | Lair:6   | Found a staircase to the Shoals.
 24377 | Lair:6   | XOM: potion effect (invisibility)
 24385 | Lair:6   | XOM: enchant monster (bad)
 24386 | Lair:6   | XOM: fog
 24413 | Lair:6   | XOM: blink monster(s)
 24482 | Lair:5   | XOM: medium Erth miscast
 24628 | Lair:6   | XOM: noise
 24639 | Lair:6   | Reached skill level 5 in Spellcasting
 24640 | Lair:6   | XOM: polymorph komodo dragon -> guardian serpent
 24641 | Lair:6   | XOM: stat loss: -1 Int (12/13)
 24650 | Lair:6   | Reached skill level 14 in Short Blades
 24650 | Lair:6   | Reached skill level 1 in Shields
 24782 | Lair:6   | XOM: give mutations
 24782 | Lair:6   | Lost mutation: You can spit poison. [Xom's mischief]
 24782 | Lair:6   | Lost mutation: Your muscles are very strong. (Str +4) [Xom's mischief]
 24957 | Lair:6   | XOM: noise
 25120 | Lair:6   | XOM: confuse monster(s)
 25196 | Lair:6   | Noticed Nergalle
 25207 | Lair:6   | XOM: 5-stop teleportation journey
 25215 | Lair:6   | Killed Nergalle
 25226 | Lair:6   | XOM: enchant monster (bad)
 25227 | Lair:6   | Reached skill level 10 in Dodging
 25231 | Lair:6   | XOM: blink monster(s)
 25617 | Lair:6   | XOM: severe Divn miscast
 25735 | Lair:7   | XOM: summons friendly quasit
 26008 | Lair:7   | XOM: 1-stop teleportation journey
 26180 | Lair:7   | XOM: give mutations
 26180 | Lair:7   | Lost mutation: You are partially covered in iridescent scales (AC +4). [Xom's mischief]
 26180 | Lair:7   | Lost mutation: You possess an exceptional clarity of mind. [Xom's mischief]
 26180 | Lair:7   | Lost mutation: You are partially covered in icy blue scales (AC +1). [Xom's mischief]
 26212 | Lair:7   | XOM: 7-stop teleportation journey
 26709 | Lair:7   | XOM: fog
 26748 | Lair:7   | XOM: vitrification
 27109 | Lair:8   | Entered Level 8 of the Lair of Beasts
 27178 | Lair:8   | XOM: enchant monster (good)
 27255 | Lair:8   | XOM: give mutations
 27255 | Lair:8   | Gained mutation: You are agile. (Dex +2) [Xom's grace]
 27255 | Lair:8   | Gained mutation: Your flesh is cold resistant. [Xom's grace]
 27255 | Lair:8   | Gained mutation: You have a pair of antennae on your head. [Xom's grace]
 27257 | Lair:8   | XOM: 3-stop teleportation journey
 27273 | Lair:8   | Found a staircase to the Slime Pits.
 27541 | Lair:8   | Learned a level 3 spell: Confuse
 27756 | Lair:8   | XOM: swap monsters
 27757 | Lair:8   | XOM: confuse monster(s)
 27771 | Lair:8   | XOM: cast spell 'Spider Form'
 27781 | Lair:8   | XOM: mild Hex miscast
 27782 | Lair:8   | XOM: potion effect (brilliance)
 28095 | Lair:8   | XOM: potion effect (berserk rage)
 28156 | Lair:8   | XOM: cast spell 'Dispersal'
 28242 | Lair:8   | XOM: mild Hex miscast
 28387 | Lair:8   | XOM: enchant monster (good)
 28392 | Lair:8   | XOM: enchant monster (good)
 28407 | Lair:8   | Reached skill level 15 in Short Blades
 28534 | Lair:8   | Reached XP level 15. HP: 85/85 MP: 27/27
 28593 | Lair:8   | XOM: potion effect (haste)
 28613 | Lair:8   | XOM: confuse monster(s)
 28685 | Lair:8   | XOM: medium Fire miscast
 28815 | Lair:8   | XOM: cast spell 'Discord'
 28816 | Lair:8   | XOM: enchant monster (good)
 28894 | Lair:8   | XOM: cast spell 'Spider Form'
 28903 | Lair:8   | XOM: medium Erth miscast
 29040 | Lair:8   | Noticed an acid blob
 29045 | Lair:8   | XOM: polymorph spider -> blink frog
 29050 | Lair:8   | Killed an acid blob
 29170 | Lair:8   | XOM: colour smoke trail
 29335 | Lair:4   | XOM: cast spell 'Cause Fear'
 29382 | Lair:4   | Learned a level 5 spell: Summon Mana Viper
 29605 | D:11     | XOM: destruction
 29613 | D:11     | Noticed a cyan ugly thing
 29617 | D:11     | XOM: swap monsters
 29626 | D:11     | Killed a cyan ugly thing
 29634 | D:11     | XOM: god gift: steaming granite ring {god gift}
 29636 | D:11     | Got a steaming granite ring {god gift}
 29664 | D:11     | XOM: destruction
 29810 | D:11     | Identified the ring of the Scavenger {rN+ Str-5 Dex+4} (Xom gifted it to you on level 11 of the Dungeon)
 29984 | D:11     | XOM: silly message
 30056 | D:11     | Noticed a cyclops
 30073 | D:11     | Killed a cyclops
 30099 | D:11     | XOM: cast spell 'Ice Form'
 30252 | D:12     | XOM: 1-stop teleportation journey
 30297 | D:12     | XOM: polymorph giant frog -> porcupine
 30472 | D:12     | Found Kyvi's Pet Rocks.
 30820 | D:12     | XOM: mild Chrm miscast
 31219 | D:12     | XOM: medium Fire miscast
 31367 | D:12     | XOM: mild Ice miscast
 31372 | D:12     | XOM: chaos upgrade
 31406 | D:12     | XOM: summons 3 hostile demons
 31600 | Orc:1    | Entered Level 1 of the Orcish Mines
 31741 | Orc:1    | XOM is BORED!
 31741 | Orc:1    | XOM: harmless Tloc miscast
 31807 | Orc:1    | Found a radiant altar of Vehumet.
 31940 | Orc:1    | Found a roughly hewn altar of Beogh.
 32261 | Orc:3    | Noticed Nessos
 32275 | Orc:3    | Killed Nessos
 32391 | Orc:3    | Found a staircase to the Elven Halls.
 32542 | Orc:3    | Noticed Snorg
 32547 | Orc:3    | Killed Snorg
 32582 | Orc:3    | XOM: harmless Summ miscast
 32764 | Orc:2    | XOM: divination: magic mapping
 32816 | Orc:2    | Noticed Erolcha
 32817 | Orc:2    | Noticed Psyche
 32818 | Orc:2    | XOM: harmless Ice miscast
 32914 | Orc:1    | XOM is BORED!
 32914 | Orc:1    | XOM: summons 5 hostile demons
 33067 | Orc:2    | XOM: harmless Conj miscast
 33189 | Orc:2    | Killed Erolcha
 33189 | Orc:2    | Reached skill level 16 in Short Blades
 33271 | Orc:2    | Killed Psyche
 33353 | Orc:2    | Noticed Grum
 33357 | Orc:2    | XOM: enchant monster (good)
 33402 | Orc:2    | Killed Grum
 33582 | Orc:1    | Found Pioch's Assorted Antiques.
 33614 | Orc:1    | Bought a scroll labeled BRYLUO GICONNA for 27 gold pieces
 33614 | Orc:1    | Bought a scroll of identify for 54 gold pieces
 33614 | Orc:1    | Bought a scroll of identify for 54 gold pieces
 33820 | Orc:4    | Entered Level 4 of the Orcish Mines
 33849 | Orc:4    | XOM: give mutations
 33849 | Orc:4    | Gained mutation: You are mostly covered in molten scales (AC +3, EV -1). [Xom's grace]
 33849 | Orc:4    | Gained mutation: You are highly resistant to hostile enchantments. [Xom's grace]
 34230 | Orc:4    | XOM: give mutations
 34230 | Orc:4    | Gained mutation: You possess an exceptional clarity of mind. [Xom's grace]
 34230 | Orc:4    | Gained mutation: You are partially covered in slimy green scales (AC +2). [Xom's grace]
 34230 | Orc:4    | Gained mutation: You can breathe fire. [Xom's grace]
 34254 | Orc:4    | XOM: 10-stop teleportation journey
 34284 | Orc:4    | Noticed Saint Roka
 34287 | Orc:4    | XOM: blink monster(s)
 34328 | Orc:4    | XOM: divination: detect creatures
 34382 | Orc:3    | XOM: harmless Hex miscast
 34595 | Orc:3    | XOM: mild Tloc miscast
 34626 | Orc:3    | Found a radiant altar of Vehumet.
 34628 | Orc:3    | Noticed Joseph
 34629 | Orc:3    | XOM: cast spell 'Discord'
 34641 | Orc:3    | XOM: silly message
 34657 | Orc:3    | Killed Joseph
 34774 | Orc:4    | Noticed Sonja
 34775 | Orc:4    | Noticed Maurice
 34788 | Orc:4    | XOM: noise
 34795 | Orc:4    | Killed Sonja
 34804 | Orc:4    | XOM: harmless Tloc miscast
 34822 | Orc:4    | Killed Maurice
 34903 | Orc:4    | XOM: harmless Divn miscast
 34996 | Orc:3    | XOM: god gift: ring mail {god gift}
 35148 | Orc:4    | XOM: confuse monster(s)
 35582 | Orc:4    | Found Klarchok's Book Emporium.
 35582 | Orc:4    | Found Pnuhoot's Distillery.
 35600 | Orc:4    | Found Erozum's Food Boutique.
 35600 | Orc:4    | Found Cronogg's Jewellery Emporium.
 35607 | Orc:4    | Bought 2 potions of lignification for 44 gold pieces
 35608 | Orc:4    | Bought a potion of might for 27 gold pieces
 35608 | Orc:4    | Bought a potion of might for 27 gold pieces
 35608 | Orc:4    | Bought a potion of agility for 27 gold pieces
 35608 | Orc:4    | Bought a potion of curing for 22 gold pieces
 35608 | Orc:4    | Bought a potion of curing for 22 gold pieces
 35608 | Orc:4    | Bought 2 potions of heal wounds for 66 gold pieces
 35790 | Orc:4    | Reached skill level 5 in Summonings
 35822 | Orc:4    | XOM: swap monsters
 35829 | Orc:4    | Killed Saint Roka
 35829 | Orc:4    | Reached XP level 16. HP: 22/91 MP: 27/27
 36625 | Orc:4    | Bought a potion of flight for 33 gold pieces
 36720 | Orc:1    | XOM: give mutations
 36720 | Orc:1    | Gained mutation: Your muscles are very strong. (Str +4) [Xom's grace]
 36720 | Orc:1    | Gained mutation: Your spells are a little harder to cast, but a little more powerful. [Xom's grace]
 36806 | D:8      | XOM: god gift: glowing quarterstaff {god gift}
 36813 | Lair:1   | XOM: god gift: legendary deck of cards {god gift}
 36933 | Lair:5   | XOM: god gift: scroll of amnesia
 36968 | Lair:6   | XOM: god gift: 420 gold pieces
 37339 | D:12     | XOM: swap monsters
 37340 | D:12     | XOM: enchant monster (good)
 37382 | D:12     | XOM: chaos cloud
 37427 | D:12     | XOM: mild Pois miscast
 37431 | D:12     | Lost mutation: Your muscles are very strong. (Str +4) [mutagenic glow]
 37648 | D:13     | Noticed Gastronok
 37671 | D:13     | XOM: butterfly on damage
 37679 | D:13     | Killed Gastronok
 37750 | D:13     | XOM: 1-stop teleportation journey
 37838 | D:13     | XOM: swap weapons
 37894 | D:13     | Noticed Harold
 37906 | D:13     | Killed Harold
 38015 | D:13     | XOM: chaos cloud
 38195 | D:13     | Found Guvidaus' Gadget Shoppe.
 38329 | D:13     | Noticed Jessica
 38336 | D:13     | Found a deep blue altar of Sif Muna.
 38343 | D:13     | Killed Jessica
 38411 | D:13     | XOM: mild Erth miscast
 38417 | D:13     | XOM: swap weapons
 38438 | D:13     | XOM: god gift: 37 gold pieces
 38472 | D:13     | XOM: harmless Fire miscast
 38780 | D:13     | XOM: mild Conj miscast
 39047 | D:13     | XOM: blink monster(s)
 39110 | D:13     | Got a pair of encrusted gloves
 39169 | D:13     | Identified the -4 pair of gloves of Cowardice {Str+3 Dex+2 Int+1} (You acquired it on level 13 of the Dungeon)
 39211 | D:13     | XOM: summons friendly crimson imp
 39213 | D:13     | XOM: confuse monster(s)
 39217 | D:13     | XOM: enchant monster (good)
 39227 | D:13     | XOM: cast spell 'Blink'
 39227 | D:13     | Found a gate to the Vaults.
 39232 | D:13     | XOM: potion effect (curing)
 39245 | D:13     | XOM: potion effect (might)
 39280 | D:13     | XOM: enchant monster (bad)
 39416 | D:13     | XOM: god gift: 5 fruits
 39448 | D:13     | XOM: potion effect (brilliance)
 39827 | D:14     | XOM: divination: detect creatures
 39924 | D:14     | Lost mutation: Your muscles are strong. (Str +2) [potion of mutation]
 40016 | D:14     | Reached skill level 17 in Short Blades
 40328 | D:14     | Learned a level 3 spell: Abjuration
 40344 | D:15     | Entered Level 15 of the Dungeon
 40344 | D:15     | XOM: mild Erth miscast
 40423 | D:15     | Found a staircase to the Depths.
 40434 | D:15     | XOM: enchant monster (good)
 40437 | D:15     | Reached skill level 5 in Shields
 40444 | Depths:1 | Entered Level 1 of the Depths
 40535 | D:15     | XOM: give mutations
 40535 | D:15     | Lost mutation: You are covered in fur (AC +1). [Xom's mischief]
 40535 | D:15     | Lost mutation: You have a pair of antennae on your head. [Xom's mischief]
 40535 | D:15     | Lost mutation: You are partially covered in slimy green scales (AC +2). [Xom's mischief]
 40621 | D:15     | XOM: 5-stop teleportation journey
 40644 | D:15     | XOM: medium Erth miscast
 40706 | D:15     | XOM: noise
 40717 | D:15     | Found a blossoming altar of Fedhas.
 40941 | D:15     | XOM: noise
 41161 | D:15     | XOM: divination: detect creatures
 41241 | D:15     | XOM: potion effect (might)
 41336 | Depths:1 | XOM: divination: detect creatures
 41346 | Depths:1 | XOM: divination: detect items
 41404 | D:15     | XOM: silly message
 41491 | D:15     | XOM: divination: detect creatures
 41523 | D:15     | XOM: harmless Chrm miscast
 41527 | D:15     | Reached XP level 17. HP: 70/95 MP: 22/29
 41586 | D:15     | XOM: harmless Tloc miscast
 41762 | D:8      | XOM: silly message
 41924 | Snake:1  | Entered Level 1 of the Snake Pit
 42026 | Snake:1  | XOM: divination: detect items
 42072 | Snake:1  | XOM: harmless Necr miscast
 42081 | Snake:1  | XOM: silly message
 42283 | Snake:1  | XOM: summons friendly white imp
 42294 | Snake:1  | XOM: enchant monster (good)
 42296 | Snake:1  | XOM: summons 6 friendly demons
 42342 | Snake:1  | XOM: god gift: 22 stones
 42351 | Snake:1  | XOM: swap monsters
 42361 | Snake:1  | XOM: cast spell 'Discord'
 42448 | Snake:1  | XOM: divination: detect items
 42564 | Snake:1  | XOM: smoke on damage
 42570 | Snake:1  | XOM: mild Divn miscast
 42618 | Snake:1  | XOM: god gift: 6 poisoned javelins
 42684 | Snake:1  | XOM: harmless Necr miscast
 42833 | Snake:1  | Noticed Josephine
 42852 | Snake:1  | XOM: potion effect (curing)
 42857 | Snake:1  | XOM: summons friendly ufetubus
 42859 | Snake:1  | XOM: cast spell 'Olgreb's Toxic Radiance'
 42865 | Snake:1  | XOM: summons friendly shadow imp
 42870 | Snake:1  | Killed Josephine
 43073 | Snake:1  | XOM: colour smoke trail
 43233 | Snake:1  | XOM: colour smoke trail
 43453 | Snake:2  | Found a frozen archway.
 43463 | IceCv    | Entered an ice cave
 43515 | IceCv    | XOM: mild Ice miscast
 43529 | IceCv    | XOM: enchant monster (good)
 43532 | IceCv    | XOM: cast spell 'Discord'
 43759 | IceCv    | XOM: potion effect (brilliance)
 43803 | IceCv    | XOM: enchant monster (bad)
 43849 | IceCv    | XOM: cast spell 'Confusing Touch'
 43856 | IceCv    | XOM: confuse monster(s)
 43882 | IceCv    | XOM: divination: detect creatures
 43981 | IceCv    | XOM: confuse monster(s)
 44004 | IceCv    | Noticed an Ice Fiend
 44008 | IceCv    | XOM: confuse monster(s)
 44015 | IceCv    | Killed an Ice Fiend
 44038 | IceCv    | XOM: confuse monster(s)
 44051 | IceCv    | Identified the Compendium of Aerial Conjuration (You found it in an ice cave)
 44119 | IceCv    | XOM: god gift: weird runed staff {god gift}
 44221 | Snake:2  | XOM: snakes to sticks
 44231 | Snake:2  | Noticed Wiglaf
 44237 | Snake:2  | Killed Wiglaf
 44238 | Snake:2  | XOM: harmless Erth miscast
 44351 | Snake:2  | Reached skill level 5 in Fighting
 44378 | Snake:2  | XOM: cast spell 'Shadow Creatures'
 44584 | Snake:2  | XOM: enchant monster (good)
 44824 | Snake:2  | Found an ancient bone altar of Kikubaaqudgha.
 45436 | Snake:3  | XOM: fog
 45445 | Snake:3  | XOM: fog
 45846 | Snake:3  | XOM: summons 12 friendly demons
 45854 | Snake:3  | Reached skill level 18 in Short Blades
 45882 | Snake:3  | XOM: 7-stop teleportation journey
 45935 | Snake:3  | XOM: medium Summ miscast
 46153 | Snake:3  | XOM: enchant monster (good)
 46165 | Snake:3  | XOM: polymorph salamander -> octopode
 46170 | Snake:3  | XOM: destruction
 46172 | Snake:3  | XOM: enchant monster (good)
 46185 | Snake:3  | XOM: confuse monster(s)
 46187 | Snake:3  | XOM: polymorph shock serpent -> slime creature
 46333 | Snake:3  | XOM: swap monsters
 46337 | Snake:3  | XOM: chaos cloud
 46561 | Snake:3  | XOM: divination: detect creatures
 46562 | Snake:3  | Reached skill level 15 in Hexes
 46667 | Snake:4  | Reached XP level 18. HP: 89/107 MP: 26/30
 46805 | Snake:4  | XOM: confuse monster(s)
 46833 | Snake:4  | XOM: vitrification
 46990 | Snake:4  | XOM: snakes to sticks
 46998 | Snake:4  | XOM: mild Summ miscast
 47065 | Snake:4  | XOM: silly message
 47124 | Snake:4  | Reached skill level 15 in Throwing
 47355 | Snake:4  | XOM: cast spell 'Monstrous Menagerie'
 47364 | Snake:4  | XOM: potion effect (invisibility)
 47662 | Snake:5  | Entered Level 5 of the Snake Pit
 47685 | Snake:5  | XOM: silly message
 47732 | Snake:4  | XOM: silly message
 47734 | Snake:4  | XOM: harmless Divn miscast
 47746 | Snake:4  | Learned a level 6 spell: Invisibility
 47759 | Snake:5  | Found Kapsamn's Armour Boutique.
 47763 | Snake:5  | Found Wuppoer's Assorted Antiques.
 47777 | Snake:5  | XOM: potion effect (might)
 47799 | Snake:5  | XOM: potion effect (brilliance)
 48172 | Snake:5  | XOM: potion effect (brilliance)
 48210 | Snake:5  | XOM: harmless Pois miscast
 48374 | Snake:5  | XOM: mild Erth miscast
 48536 | Snake:5  | XOM: potion effect (agility)
 48577 | Snake:5  | XOM: potion effect (brilliance)
 48685 | Snake:4  | XOM: silly message
 48698 | Snake:4  | XOM: divination: detect creatures
 48819 | Snake:5  | XOM: divination: detect creatures
 49145 | Snake:5  | XOM: god gift: weird runed staff {god gift}
 49189 | Snake:5  | XOM: give mutations
 49189 | Snake:5  | Lost mutation: You have a pair of small antennae on your head. [Xom's mischief]
 49189 | Snake:5  | Lost mutation: You have large cloven feet. [Xom's mischief]
 49189 | Snake:5  | Lost mutation: You are mostly covered in molten scales (AC +3, EV -1). [Xom's mischief]
 49318 | Snake:5  | Found Stiutizi's Assorted Antiques.
 49318 | Snake:5  | XOM: 6-stop teleportation journey
 49442 | Snake:5  | XOM: polymorph black mamba -> queen bee
 49450 | Snake:5  | XOM: god gift: 21 gold pieces
 49486 | Snake:5  | XOM: confuse monster(s)
 49490 | Snake:5  | XOM: divine lightning (protected)
 49508 | Snake:5  | XOM: summons friendly quasit
 49513 | Snake:5  | HP: 5/107 [naga sharpshooter/ bolt of frost (12)]
 49581 | Snake:5  | XOM: swap monsters
 49618 | Snake:5  | XOM: medium Divn miscast
 49639 | Snake:5  | XOM: polymorph anaconda -> great orb of eyes
 49640 | Snake:5  | XOM: mild Chrm miscast
 49733 | Snake:4  | XOM: mild Pois miscast
 49910 | Snake:5  | XOM: give mutation
 49910 | Snake:5  | Lost mutation: You are robust (+10% HP). [Xom's mischief]
 49962 | Snake:4  | XOM: draining
 50102 | Snake:5  | XOM: noise
 50274 | Snake:4  | XOM: draining
 50279 | Snake:5  | XOM: mild Trmt miscast
 50305 | Snake:5  | XOM: noise
 50435 | Snake:5  | XOM: divination: magic mapping
 50450 | Snake:5  | XOM: confuse monster(s)
 50675 | Snake:5  | XOM: summons friendly white imp
 50677 | Snake:5  | XOM: confuse monster(s)
 50705 | Snake:5  | XOM: confuse monster(s)
 50712 | Snake:5  | XOM: confuse monster(s)
 50746 | Snake:5  | XOM: god gift: +0 Staff of Olgreb {rPois}
 50888 | Snake:5  | XOM: confuse monster(s)
 50895 | Snake:5  | XOM: harmless Ice miscast
 51210 | Snake:4  | XOM: summons 8 friendly demons
 51211 | Snake:4  | Reached skill level 15 in Stealth
 51213 | Snake:4  | XOM: confuse monster(s)
 51259 | Snake:4  | Reached skill level 19 in Short Blades
 51307 | Snake:4  | XOM: confuse monster(s)
 51366 | Snake:5  | XOM: mild Pois miscast
 51528 | Snake:5  | XOM: harmless Pois miscast
 51540 | Snake:4  | XOM: potion effect (might)
 51555 | Snake:4  | Reached XP level 19. HP: 88/103 MP: 31/31
 51684 | Snake:4  | XOM: colour smoke trail
 51825 | Snake:5  | Bought a potion of curing for 50 gold pieces
 51842 | Snake:5  | XOM: summons friendly white imp
 52095 | Snake:4  | XOM: god gift: 10 stones
 52110 | Snake:4  | Learned a level 2 spell: Swiftness
 52228 | Snake:5  | XOM: cast spell 'Beastly Appendage'
 52279 | Snake:5  | XOM: butterfly on damage
 52673 | Snake:5  | XOM: colour smoke trail
 52686 | Snake:5  | XOM: potion effect (might)
 52763 | Snake:5  | XOM: polymorph greater naga -> emperor scorpion
 52772 | Snake:5  | XOM: enchant monster (bad)
 52773 | Snake:5  | XOM: fog
 52776 | Snake:5  | XOM: polymorph emperor scorpion -> emperor scorpion
 52812 | Snake:5  | XOM: fog
 52814 | Snake:5  | XOM: potion effect (agility)
 52815 | Snake:5  | XOM: silly message
 53141 | Snake:5  | Got a serpentine rune of Zot
 53174 | Snake:5  | XOM: divination: detect creatures
 53233 | Snake:5  | XOM: silly message
 53262 | Snake:3  | XOM: harmless Divn miscast
 53335 | Shoals:1 | Entered Level 1 of the Shoals
 53356 | Shoals:1 | XOM: divination: magic mapping
 53398 | Shoals:1 | XOM: harmless Ice miscast
 53424 | Shoals:1 | XOM: potion effect (agility)
 53448 | Shoals:1 | XOM: potion effect (invisibility)
 53509 | Lair:6   | XOM: harmless Tloc miscast
 53565 | Shoals:1 | XOM: confuse monster(s)
 53610 | Shoals:1 | XOM: medium Conj miscast
 53644 | Shoals:1 | XOM: give mutation
 53644 | Shoals:1 | Gained mutation: You are partially covered in rugged brown scales (AC +1, +3% HP). [Xom's grace]
 53986 | Shoals:1 | XOM: 5-stop teleportation journey
 54280 | Shoals:1 | XOM: cast spell 'Discord'
 54467 | Shoals:2 | Noticed Donald
 54473 | Shoals:2 | Killed Donald
 54554 | Shoals:2 | XOM: divination: detect items
 54576 | Shoals:2 | XOM: harmless Pois miscast
 54624 | Shoals:2 | Noticed Asterion
 54630 | Shoals:2 | Killed Asterion
 54665 | Shoals:2 | XOM: potion effect (invisibility)
 54910 | Shoals:2 | XOM: harmless Conj miscast
 54932 | Shoals:2 | XOM: harmless Pois miscast
 55004 | Shoals:2 | XOM: divination: magic mapping
 55037 | Shoals:2 | XOM: cast spell 'Dispersal'
 55076 | Shoals:2 | XOM: give mutations
 55076 | Shoals:2 | Gained mutation: Your muscles are strong. (Str +2) [Xom's grace]
 55076 | Shoals:2 | Gained mutation: You are robust (+10% HP). [Xom's grace]
 55076 | Shoals:2 | Gained mutation: Your muscles are very strong. (Str +4) [Xom's grace]
 55162 | Shoals:2 | XOM: god gift: 3 meat rations
 55304 | Shoals:2 | XOM: summons 9 hostile demons
 55545 | Shoals:2 | Noticed Polyphemus
 55558 | Shoals:2 | XOM: blink monster(s)
 55561 | Shoals:2 | XOM: chaos upgrade
 55695 | Shoals:2 | XOM: give mutations
 55695 | Shoals:2 | Lost mutation: You possess an exceptional clarity of mind. [Xom's mischief]
 55695 | Shoals:2 | Lost mutation: You are robust (+10% HP). [Xom's mischief]
 55695 | Shoals:2 | Gained mutation: You occasionally shout uncontrollably at your foes. [Xom's mischief]
 55707 | Shoals:2 | XOM: medium Summ miscast
 55714 | Shoals:2 | XOM: noise
 55719 | Shoals:2 | XOM: swap monsters
 55740 | Shoals:2 | XOM: confusion (+ monsters)
 55785 | Shoals:2 | Killed Polyphemus
 55900 | Shoals:2 | XOM: smoke on damage
 56205 | Shoals:2 | Identified a +0 rod of ignition (14/14) (You found it on level 2 of the Shoals)
 56205 | Shoals:2 | XOM: divination: detect items
 56281 | Shoals:2 | XOM: cast spell 'Dragon Form'
 56539 | Shoals:3 | XOM: divination: magic mapping
 56541 | Shoals:3 | XOM: 1-stop teleportation journey
 56592 | Shoals:3 | XOM: confuse monster(s)
 56676 | Shoals:3 | XOM: colour smoke trail
 56868 | Shoals:3 | XOM: severe Trmt miscast
 56868 | Shoals:3 | Gained mutation: Your body is slowly deteriorating. [the severe capriciousness of Xom]
 56868 | Shoals:3 | Gained mutation: You sometimes yell uncontrollably at your foes. [the severe capriciousness of Xom]
 56871 | Shoals:3 | XOM: mild Fire miscast
 57498 | Shoals:3 | Reached skill level 20 in Short Blades
 57584 | Shoals:4 | Noticed Mara
 57584 | Shoals:4 | XOM: summons 1 hostile demon
 57660 | Shoals:3 | XOM: colour smoke trail
 57693 | Shoals:3 | XOM: confuse monster(s)
 57708 | Shoals:3 | Reached XP level 20. HP: 89/111 MP: 31/31
 58041 | Shoals:3 | XOM: give mutations
 58041 | Shoals:3 | Gained mutation: Your flesh is very cold resistant. [Xom's grace]
 58041 | Shoals:3 | Gained mutation: You are very agile. (Dex +4) [Xom's grace]
 58085 | Shoals:4 | Noticed Agnes
 58109 | Shoals:3 | Killed Agnes
 58370 | Shoals:4 | XOM: confuse monster(s)
 58512 | Shoals:4 | Noticed Fusha's illusion
 58517 | Shoals:4 | XOM: enchant monster (bad)
 58532 | Shoals:4 | XOM: chaos cloud
 58533 | Shoals:4 | XOM: blink monster(s)
 58626 | Shoals:4 | XOM: medium Tloc miscast
 58636 | Shoals:4 | Killed Mara
 58894 | Shoals:4 | XOM: mild Summ miscast
 58925 | Shoals:4 | XOM: mild Fire miscast
 59147 | Shoals:4 | Found a glowing golden altar of the Shining One.
 59149 | Shoals:4 | XOM: chaos upgrade
 59253 | Shoals:4 | XOM: summons 9 hostile demons
 59647 | Shoals:4 | XOM: noise
 59712 | Shoals:4 | XOM: harmless Pois miscast
 60070 | Shoals:4 | XOM: medium Ice miscast
 60248 | Shoals:5 | Entered Level 5 of the Shoals
 60277 | Shoals:5 | XOM: polymorph merfolk -> slime creature
 60352 | Shoals:5 | XOM: summons friendly crimson imp
 60356 | Shoals:5 | XOM: enchant monster (good)
 60364 | Shoals:5 | XOM: summons 10 friendly demons
 60379 | Shoals:5 | XOM: noise
 60387 | Shoals:5 | XOM: silly message
 60405 | Shoals:5 | XOM: divination: detect creatures
 60507 | Shoals:5 | Noticed Ilsuiw
 60517 | Shoals:5 | XOM: confuse monster(s)
 60538 | Shoals:5 | Killed Ilsuiw
 60841 | Shoals:5 | XOM: destruction
 61071 | Shoals:5 | XOM: god gift: runed rapier {god gift}
 61153 | Shoals:5 | XOM: give mutations
 61153 | Shoals:5 | Gained mutation: Your mind is acute. (Int +2) [Xom's grace]
 61153 | Shoals:5 | Gained mutation: You have an increased reservoir of magic (+10% MP). [Xom's grace]
 61153 | Shoals:5 | Gained mutation: You have sharp toenails. [Xom's grace]
 61153 | Shoals:5 | Gained mutation: You have sharp fingernails. [Xom's grace]
 61394 | Shoals:5 | XOM: god gift: 66 gold pieces
 61599 | Shoals:5 | XOM: chaos cloud
 61612 | Shoals:5 | XOM: noise
 61716 | Shoals:5 | XOM: cast spell 'Spider Form'
 61910 | Shoals:5 | XOM: 3-stop teleportation journey
 62049 | Shoals:5 | Got a barnacled rune of Zot
 62123 | Shoals:5 | XOM: enchant monster (good)
 62353 | Shoals:5 | XOM: 1-stop teleportation journey
 62497 | Shoals:2 | XOM: polymorph sea snake -> lindwurm
 62553 | Shoals:1 | XOM: vitrification
 63072 | Depths:1 | Found a gateway to Hell.
 63251 | Depths:1 | Got an ichor-stained rapier
 63291 | Depths:1 | Identified the cursed +6 rapier of Dividends {pierce, +Inv} (You found it on level 1 of the Depths)
 63368 | Depths:1 | XOM: god gift: club {god gift}
 63401 | Depths:1 | XOM: cast spell 'Conjure Ball Lightning'
 63679 | Depths:1 | Found a one-way gate leading to the halls of Pandemonium.
 63857 | Depths:1 | XOM: summons friendly crimson imp
 63997 | Depths:1 | XOM: vitrification
 64130 | Depths:1 | Found a corrupted altar of Lugonu.
 64160 | Depths:1 | Reached skill level 15 in Dodging
 64172 | Depths:1 | XOM: mild Hex miscast
 64208 | Depths:1 | Found Eturer's Book Shoppe.
 64209 | Depths:1 | Reached XP level 21. HP: 47/115 MP: 29/35
 64452 | Depths:1 | Found a one-way gate to the infinite horrors of the Abyss.
 64559 | Depths:1 | XOM: confuse monster(s)
 64562 | Depths:1 | Reached skill level 21 in Short Blades
 64566 | Depths:1 | XOM: noise
 64585 | Depths:1 | XOM: harmless Summ miscast
 64780 | Depths:1 | XOM: summons friendly quasit
 65003 | Depths:1 | XOM: cast spell 'Statue Form'
 65028 | Depths:1 | XOM: enchant monster (bad)
 65036 | Depths:1 | XOM: enchant monster (bad)
 65058 | Depths:1 | Got a steaming bronze ring
 65060 | Depths:1 | Identified the ring of Zoguval {+Inv MP+9 Dex+1} (You took it off a merfolk impaler on level 1 of the Depths)
 65133 | Depths:2 | XOM: noise
 65146 | Depths:2 | XOM: silly message
 65148 | Depths:1 | XOM: cast spell 'Cause Fear'
 65194 | Depths:1 | XOM: enchant monster (bad)
 65224 | Depths:1 | XOM: polymorph deep troll earth mage -> alligator
 65326 | Depths:1 | XOM: cast spell 'Spider Form'
 65456 | Depths:1 | XOM: give mutation
 65456 | Depths:1 | Lost mutation: You can breathe fire. [Xom's mischief]
 65703 | Depths:1 | XOM: summons friendly shadow imp
 65766 | Depths:1 | XOM: summons 16 friendly demons
 65917 | Depths:2 | XOM: confuse monster(s)
 65930 | Depths:2 | XOM: destruction
 65994 | Depths:1 | XOM: give mutations
 65994 | Depths:1 | Gained mutation: You are partially covered in iridescent scales (AC +4). [Xom's grace]
 65994 | Depths:1 | Gained mutation: You evolve. [Xom's grace]
 66114 | Depths:1 | XOM: vitrification
 66199 | Depths:2 | XOM: 2-stop teleportation journey
 66215 | Depths:2 | XOM: cast spell 'Summon Horrible Things'
 66230 | Depths:2 | XOM: polymorph large abomination -> death cob
 66264 | Depths:2 | XOM: swap monsters
 66274 | Depths:2 | XOM: mild Necr miscast
 66337 | Depths:1 | XOM: mild Pois miscast
 66400 | Depths:1 | XOM: noise
 66451 | Depths:1 | XOM: noise
 66649 | Depths:2 | XOM: blink monster(s)
 66665 | Depths:2 | XOM: enchant monster (good)
 66676 | Depths:2 | XOM: fake destruction
 66908 | Depths:1 | XOM: noise
 67129 | Depths:2 | Noticed a golden dragon
 67136 | Depths:2 | XOM: mild Conj miscast
 67179 | Depths:1 | XOM: draining
 67373 | Depths:1 | XOM: fake destruction
 67471 | Depths:1 | XOM: god gift: scintillating garnet amulet {god gift}
 67472 | Depths:1 | Got a scintillating garnet amulet {god gift}
 67474 | Depths:1 | Identified the amulet of Chuabos {rMut rF++ SInv} (Xom gifted it to you on level 1 of the Depths)
 67496 | Depths:1 | XOM: god gift: slice of pizza
 67659 | Depths:2 | XOM: god gift: potion of poison
 67735 | Depths:2 | Identified the Tome of Evil Magic (You found it on level 2 of the Depths)
 67757 | Depths:2 | Learned a level 6 spell: Mass Confusion
 67814 | Depths:2 | XOM: cast spell 'Olgreb's Toxic Radiance'
 68127 | Depths:2 | XOM: god gift: polished rapier {god gift}
 68128 | Depths:2 | Got a polished rapier {god gift}
 68129 | Depths:2 | Identified the +7 rapier "Z" {chaos, rC+ rN+ MR++ Dex+1 SInv} (Xom gifted it to you on level 2 of the Depths)
 68161 | Depths:2 | XOM: summons friendly white imp
 68175 | Depths:2 | XOM: noise
 68188 | Depths:2 | XOM: cast spell 'Stoneskin'
 68191 | Depths:2 | XOM: silly message
 68192 | Depths:2 | XOM: enchant monster (good)
 68200 | Depths:2 | XOM: confuse monster(s)
 68253 | Depths:1 | XOM: colour smoke trail
 68472 | Depths:2 | XOM: mild Ice miscast
 68483 | Depths:2 | XOM: chaos cloud
 68484 | Depths:1 | XOM: harmless Ice miscast
 68490 | Depths:1 | XOM: polymorph storm dragon -> dire elephant
 68493 | Depths:1 | XOM: enchant monster (good)
 68881 | Depths:2 | XOM: enchant monster (bad)
 68890 | Depths:2 | XOM: noise
 68903 | Depths:2 | Reached XP level 22. HP: 102/120 MP: 25/37
 68957 | Depths:2 | XOM: confusion
 68962 | Depths:2 | XOM: fog
 69094 | Depths:2 | XOM: cast spell 'Monstrous Menagerie'
 69131 | Depths:2 | XOM: potion effect (agility)
 69138 | Depths:2 | XOM: draining
 69146 | Depths:2 | XOM: summons 4 friendly demons
 69318 | Depths:3 | Noticed Jory
 69321 | Depths:3 | XOM: summons 2 friendly demons
 69347 | Depths:3 | XOM: fog
 69450 | Depths:3 | XOM: confuse monster(s)
 69451 | Depths:3 | XOM: cast spell 'Summon Dragon'
 69518 | Depths:3 | XOM: scenery: 1 doors open
 69794 | Depths:3 | XOM: potion effect (berserk rage)
 69799 | Depths:3 | XOM: cast spell 'Shadow Creatures'
 69823 | Depths:3 | XOM: summons 2 friendly demons
 69836 | Depths:3 | Reached skill level 22 in Short Blades
 69967 | Depths:3 | XOM: confuse monster(s)
 69972 | Depths:3 | XOM: confuse monster(s)
 69976 | Depths:3 | XOM: summons friendly crimson imp
 69984 | Depths:3 | XOM: swap monsters
 70236 | Depths:3 | XOM: give mutations
 70236 | Depths:3 | Lost mutation: You have an increased reservoir of magic (+10% MP). [Xom's mischief]
 70236 | Depths:3 | Lost mutation: Your mind is acute. (Int +2) [Xom's mischief]
 70236 | Depths:3 | Lost mutation: You can translocate small distances at will. [Xom's mischief]
 70236 | Depths:3 | Lost mutation: You are very agile. (Dex +4) [Xom's mischief]
 70257 | Depths:3 | XOM: vitrification
 70334 | Depths:4 | XOM: god gift: scroll of teleportation
 70354 | Depths:4 | XOM: divination: detect creatures
 70358 | Depths:4 | HP: 2/120 [fire giant/great sword of flaming (22)]
 70358 | Depths:4 | Slain by a fire giant

Action                   |  1- 3 |  4- 6 |  7- 9 | 10-12 | 13-15 | 16-18 | 19-21 | 22-24 || total
-------------------------+-------+-------+-------+-------+-------+-------+-------+-------++-------
Melee: Club              |   103 |    36 |       |       |       |    65 |       |       ||   204
       Unarmed           |     7 |       |       |       |    38 |       |     1 |       ||    46
       Dagger            |       |   198 |   356 |   426 |       |    21 |       |       ||  1001
       Short sword       |       |     6 |       |       |       |       |       |       ||     6
       Quick blade       |       |       |       |   586 |  2047 |  2158 |  2138 |       ||  6929
       Rapier            |       |       |       |       |       |       |   135 |   217 ||   352
Throw: Tomahawk          |    25 |    19 |    52 |    56 |    20 |    11 |    11 |     8 ||   202
       Throwing net      |       |     3 |     1 |     1 |       |       |       |       ||     5
 Cast: Slow              |       |     3 |     1 |    19 |    37 |     1 |       |       ||    61
       Corona            |       |       |       |     1 |       |       |       |       ||     1
       Animate Skeleton  |       |       |       |     7 |   110 |    81 |   116 |     4 ||   318
       Call Canine Famil |       |       |       |     3 |       |       |       |       ||     3
       Leda's Liquefacti |       |       |       |     1 |       |       |       |       ||     1
       Confuse           |       |       |       |       |    35 |   118 |   132 |    12 ||   297
       Summon Mana Viper |       |       |       |       |       |     7 |    11 |     1 ||    19
       Cause Fear        |       |       |       |       |       |     1 |       |       ||     1
       Invisibility      |       |       |       |       |       |       |     2 |     1 ||     3
       Mass Confusion    |       |       |       |       |       |       |     7 |     5 ||    12
       Swiftness         |       |       |       |       |       |       |     1 |       ||     1
 Abil: Breathe Fire      |       |       |       |       |     1 |    20 |     1 |     2 ||    24
       Blink             |       |       |       |       |       |     6 |    23 |     2 ||    31
       Evoke Flight      |       |       |       |       |       |     2 |       |       ||     2
Evoke: Wand              |       |       |       |    14 |    18 |    13 |     8 |     3 ||    56
       Deck              |       |       |       |     1 |     2 |    15 |    10 |     8 ||    36
       Phantom mirror    |       |       |       |       |     1 |       |       |       ||     1
       Sack of spiders   |       |       |       |       |     7 |       |     9 |       ||    16
       Box of beasts     |       |       |       |       |       |       |    10 |       ||    10
  Use: Scroll            |       |     4 |    17 |    13 |    14 |    11 |    14 |     8 ||    81
       Potion            |       |       |     4 |    11 |     5 |     7 |     9 |     4 ||    40
 Stab: Sleeping          |     3 |     2 |    21 |    29 |    52 |    76 |    26 |     3 ||   212
       Distracted        |       |       |     3 |     2 |    10 |    19 |    27 |     1 ||    62
       Held in net/web   |       |       |     1 |       |       |       |       |       ||     1
       Confused          |       |       |       |     2 |    30 |    80 |    93 |    13 ||   218
       Invisible         |       |       |       |       |    12 |     2 |    25 |     1 ||    40
       Petrified         |       |       |       |       |     5 |       |     4 |       ||     9
       Petrifying        |       |       |       |       |     1 |     6 |     1 |       ||     8
       Paralysed         |       |       |       |       |     1 |     1 |     3 |     1 ||     6
       Fleeing           |       |       |       |       |     1 |       |       |       ||     1
  Eat: Chunk             |    12 |    10 |    16 |    34 |    56 |    71 |    73 |     5 ||   277
       Beef jerky        |       |       |       |       |       |     1 |       |       ||     1
